 Dungeon Crawl Stone Soup version 0.22-a0-248-gc8378ba (webtiles) character file.

55 JeffiDaFish the Firebug (level 3, 0/26 HPs)
             Began as a Draconian Fire Elementalist on Feb 28, 2018.
             Slain by a human (7 damage)
             ... on level 3 of the Dungeon.
             The game lasted 00:04:40 (1797 turns).

JeffiDaFish the Firebug (DrFE)                      Turns: 1797, Time: 00:04:41

Health: 0/26       AC:  5    Str: 10    XL:     3   Next: 67%
Magic:  1/7        EV: 12    Int: 16    God:
Gold:   102        SH:  0    Dex: 11    Spells: 3/7 levels left

rFire    . . .     SeeInvis .   d - +0 mace
rCold    . . .     Gourm    .   (no shield)
rNeg     . . .     Faith    .   (armour unavailable)
rPois    .         Spirit   .   (helmet restricted)
rElec    .         Reflect  .   (no cloak)
rCorr    .         Harm     +   (no gloves)
MR       .....                  (no boots)
Stlth    ++........             e - amulet of harm
HPRegen  0.08/turn              (no ring)
MPRegen  0.10/turn              (no ring)

@: no status effects
A: unfitting armour, cold-blooded, AC +5
a: no special abilities


You were on level 3 of the Dungeon.
You were not hungry.

You visited 1 branch of the dungeon, and saw 3 of its levels.

You collected 102 gold pieces.

Inventory:

Hand Weapons
 d - a +0 mace (weapon)
Jewellery
 e - an amulet of harm (around neck)
Scrolls
 c - 2 scrolls of identify
Comestibles
 a - 6 rations
 b - 2 chunks of flesh


   Skills:
 - Level 1.7 Dodging
 - Level 1.9 Stealth
 * Level 2.8 Spellcasting
 + Level 1.7 Conjurations
 * Level 3.7 Fire Magic


You had 3 spell levels left.
You knew the following spells:

 Your Spells              Type           Power        Failure   Level  Hunger
a - Flame Tongue          Conj/Fire      ##...        6%          1    #......
b - Conjure Flame         Conj/Fire      ##......     19%         3    ###....


Dungeon Overview and Level Annotations

Branches:
Dungeon (3/15)

Altars:
Yredelemnul


Innate Abilities, Weirdness & Mutations

Your plain brown scales are hard. (AC +5)
You cannot fit into any form of body armour.
You are cold-blooded and may be slowed by cold attacks.


Message History

Your magical contamination has completely faded away.
Casting: Flame Tongue (safe; 6% risk of failure)
Confirm with . or Enter, or press ? or * to list all spells.
Aiming: Flame Tongue (safe; 6% risk of failure)
Press: ? - help, Shift-Dir - straight line, f/p - human
Aim: a human (lightly wounded)
The flame tongue hits the human.
The human is moderately wounded.
The human misses you.
You closely miss the human.
The human is moderately wounded.
The human hits you! The human hits you.
You barely miss the human.
The human is moderately wounded.
The human hits you!
* * * LOW HITPOINT WARNING * * *
You closely miss the human.
The human is moderately wounded.
The human hits you.
You die...

#..........#.#
#........|.#<#
#+##..........#.#
##.##..........#.#
#.......######.#.#
#..#...........#..
#..#.#############
#. #..#.# #. #..#@#
..####### #..#p#
...#.... #..#o#
##.#..#######..#.#
.......[.........#
.....###†..p######
##...#.#...#.......
#...#'#o..#.######
#.........#..


You could see a human and an orc.

Vanquished Creatures
  An adder (D:3)
  A worm (D:2)
  2 dart slugs (D:1)
  2 leopard geckos
  An orc (D:3)
  A giant cockroach (D:3)
  4 goblins
  5 hobgoblins (D:1)
  6 kobolds
  2 quokkas (D:2)
  7 bats
  A frilled lizard (D:3)
  3 rats
36 creatures vanquished.

Notes
Turn   | Place    | Note
-------+----------+-------------------------------------------
     0 | D:1      | JeffiDaFish the Draconian Fire Elementalist began the quest for the Orb.
     0 | D:1      | Reached XP level 1. HP: 14/14 MP: 3/3
   186 | D:1      | Reached XP level 2. HP: 14/20 MP: 5/5
  1134 | D:2      | Reached XP level 3. HP: 24/26 MP: 1/6
  1702 | D:3      | Found a runed door.
  1702 | D:3      | Noticed a human
  1704 | D:3      | Found a basalt altar of Yredelemnul.
  1766 | D:3      | Learned a level 3 spell: Conjure Flame
  1797 | D:3      | Slain by a human

Vault maps used:
D:1:      dpeg_arrival_morbid_curiosity
D:2:      first_ration
D:3:      cheibrodos_old_hovel, lemuel_coloured_pillars_altar,
          grunt_decor_arrowhead, minmay_misc_feat_encased,
          dk_yredelemnul_ordeal, uniq_robin

Action                   || total
-------------------------++-------
Melee: Whip              ||    16
       Tailslap          ||     6
       Mace              ||    45
 Cast: Flame Tongue      ||    41
       Conjure Flame     ||     1
  Use: Scroll            ||     4
       Potion            ||     2
 Stab: Sleeping          ||     1
  Eat: Chunk             ||     3
Armor: Skin              ||    31
Dodge: Dodged            ||    55

Table legend:
 A = Spawn XP
 B = Non-spawn XP
 C = Spawn XP percentage of total XP
 D = Spawn monster count
 E = Non-spawn monster count
 F = Spawn count percentage of total count
 G = Total turns spent on level
                    A         B        C        D         E        F      G
               +---------+---------+-------+---------+---------+-------+---------
         Total |       0 |      79 |   0.0 |       0 |      36 |   0.0 |  1797
               +---------+---------+-------+---------+---------+-------+---------
           D:1 |       0 |      38 |   0.0 |       0 |      20 |   0.0 |  1091
           D:2 |       0 |      19 |   0.0 |       0 |      10 |   0.0 |   558
           D:3 |       0 |      22 |   0.0 |       0 |       6 |   0.0 |   148
               +---------+---------+-------+---------+---------+-------+---------
